 Dungeon Crawl Stone Soup version 0.18.1-8-gdd0e5ea (webtiles) character file.

23 Krapule the Vexing (level 2, -1/19 HPs)
             Began as a Vampire Enchanter on May 29, 2016.
             Slain by a gnoll
             ... wielding a +0 spear
              (6 damage)
             ... on level 1 of the Dungeon.
             The game lasted 00:02:19 (973 turns).

Krapule the Vexing (Vampire Enchanter)               Turns: 973, Time: 00:02:19

Health: -1/19      AC:  3    Str:  7    XL:     2   Next: 75%
Magic:  4/5        EV: 12    Int: 17    God:
Gold:   26         SH:  0    Dex: 14    Spells: 1 memorised, 4 levels left

rFire  . . .     SeeInvis +     a - +1 dagger
rCold  . . .     Gourm    .     b - +1 robe
rNeg   . . .     Faith    .     (no shield)
rPois  .         Spirit   .     (no helmet)
rElec  .         Dismiss  .     (no cloak)
rCorr  .         Reflect  .     (no gloves)
SustAt .         Harm     .     (no boots)
MR     .....                    (no amulet)
Stlth  +++.......               (no ring)
                                (no ring)

@: regenerating quickly, not resistant to hostile enchantments, fairly stealthy
A: fangs 3, see invisible, unbreathing
a: no special abilities


You were on level 1 of the Dungeon.
You were full.

You visited 1 branch of the dungeon, and saw 1 of its levels.

You collected 26 gold pieces.

Inventory:

Hand Weapons
 a - a +1 dagger (weapon)
Armour
 b - a +1 robe (worn)
Scrolls
 e - 2 scrolls of enchant weapon {unknown}
 h - a scroll of remove curse {unknown}
 i - a scroll of identify {unknown}
Potions
 d - a potion of blood
 f - a potion of heal wounds {unknown}
 g - a potion of ambrosia {unknown}
 j - a potion of brilliance {unknown}
Books
 c - a book of Maledictions

   Spells                             Type                      Level
   a - Corona                         Hexes                        1
   b - Ensorcelled Hibernation        Hexes/Ice                    2
   c - Confuse                        Hexes                        3
   d - Tukima's Dance                 Hexes                        3
   e - Dazzling Spray                 Conjuration/Hexes            3


   Skills:
 + Level 1.7 Short Blades
 + Level 2.3 Dodging
 + Level 4.8 Stealth
 + Level 2.2 Spellcasting
 + Level 4.8 Hexes


You had 4 spell levels left.
You knew the following spells:

 Your Spells              Type           Power        Failure   Level  Hunger
a - Corona                Hex            ###....      2%          1    #......


Dungeon Overview and Level Annotations

Branches:
Dungeon (1/15)

Altars:


Innate Abilities, Weirdness & Mutations

Your natural rate of healing is unusually fast.
You have razor-sharp teeth.
You have supernaturally acute eyesight.
You can survive without breathing.


Message History

A gnoll comes into view. It is wielding a spear.
The gnoll moves out of view.
There is an open door here.
The gnoll is too close now for your liking.
There is an open door here.
The gnoll shouts!
The gnoll hits you with a spear!
You barely miss the gnoll. The gnoll hits you with a spear.
Casting: Corona
Confirm with . or Enter, or press ? or * to list all spells.
Aiming: Corona
Press: ? - help, Shift-Dir - straight line, f - gnoll
Aim: a gnoll, wielding a spear (chance to defeat MR: 65%)
The gnoll is outlined in light.
The gnoll closely misses you.
You hit the gnoll but do no damage. The gnoll hits you but does no damage.
You hit the gnoll but do no damage. The gnoll hits you with a spear.
You hit the gnoll but do no damage. The gnoll hits you with a spear.
* * * LOW HITPOINT WARNING * * *
You barely miss the gnoll. The gnoll hits you with a spear.
You die...

#.# #.# #.....# #....## #.# #.#
#.....####......
#.######'#####........)......
#.##.........#...######......
#.##.........#...............
#.##..⌠...⌠..#.#>######.....#
#..#.........#.#.# #......
#..+....<....'.#.# #.#.#..
#.##........@#.#.########....
#.##..⌠...⌠g.#...........##..
#.##.........####.######.##..
####.##.........# #.# #.##..
##....######'##### #.#########..
.#.#.........########.##≈≈≈≈≈##..
.#.#...................#≈...≈#...
.#.#.#.####.#.........##≈...≈#...
.#.#.#.# #.############≈...≈#...


You could see a gnoll.

Vanquished Creatures
  2 dart slugs (D:1)
  2 giant geckos (D:1)
  A goblin (D:1)
  4 hobgoblins (D:1)
  A kobold (D:1)
  5 bats (D:1)
  2 rats (D:1)
17 creatures vanquished.

Notes
Turn   | Place    | Note
--------------------------------------------------------------
     0 | D:1      | Krapule the Vampire Enchanter began the quest for the Orb.
     0 | D:1      | Reached XP level 1. HP: 13/13 MP: 3/3
   195 | D:1      | Reached XP level 2. HP: 19/19 MP: 5/5
   973 | D:1      | Slain by a gnoll

Action                   || total
-------------------------++-------
Melee: Dagger            ||    67
       Bite              ||     6
 Cast: Corona            ||     1
 Stab: Sleeping          ||     2
  Eat: Corpse            ||     7
Armor: Robe              ||    17
Dodge: Dodged            ||    43
